[Event "Prague Open 2025"]
[Site "Prague"]
[Date "2025.01.15"]
[Round "7.6"]
[White "Colijn, Stefan"]
[Black "Chan, Kim Yew"]
[Result "1/2-1/2"]
[Annotator "TA"]
[ECO "B40"]
[WhiteElo "2315"]
[BlackElo "2258"]
[PlyCount "199"]
[EventDate "2025.01.07"]
[EventType "swiss"]
[EventCountry "CZE"]
[SourceTitle "playchess.com"]
[Source "ChessBase"]
[SourceQuality "1"]
[TimeControl "40/5400+30:1800+30"]

1. e4 c5 2. Nf3 e6 3. c3 d5 4. e5 d4 5. Bd3 Bd7 6. b4 cxb4 7. O-O Nc6 8. a3 a5 9. Bb2 Nge7 10. Re1 Nd5 11. Re4 dxc3 12. dxc3 Be7 13. c4 Nc7 14. Rg4 g6 15. Nbd2 bxa3 (15... h5 $14 16. Rg3) 16. Rxa3 $16 O-O (16... h5 $14 17. Rg3 (17. Rxg6 fxg6 18. Bxg6+ Kf8 $15) 17... Na6) 17. Ne4 $1 $16 Ne8 (17... f5 $16 18. exf6 Bxa3 19. Bxa3 e5) 18. c5 Nb4 19. Bb1 $1 Bc6 20. Nd6 b6 $2 (20... Nd5 $16 {might work better.}) 21. Qd2 $18 bxc5 $2 (21... Bxd6 22. cxd6 Qd7) 22. Qh6 $18 Nd5 23. Ng5 $2 (23. Nd4 $18 {White threatens Nxe6 and mate.} Bg5 24. Rxg5 Qxg5 25. Qxg5 cxd4 26. Bxd4 Nxd6 27. exd6) 23... Bxg5 $17 24. Rxg5 Nf4 25. Rg4 Rb8 $1 26. Rh4 Qxh4 $1 27. Qxh4 Rxb2 28. Ra1 Nxd6 (28... Ne2+ 29. Kf1 Nxd6 30. exd6 Nc3) 29. Qxf4 $17 Rfb8 30. Qc1 (30. Bxg6 $2 fxg6 31. Qc1 Ne4 $19) 30... Ne4 (30... Nc4 $1 $15 31. Bd3 Nxe5) 31. f3 $1 $11 (31. Bxe4 $2 Bxe4 32. f3 Rb1 33. fxe4 (33. Rxb1 $2 Rxb1 $19) 33... Rxc1+ 34. Rxc1 Rb5 $19) 31... Nc3 (31... Nd2 $5 32. Bc2 $8 Nc4 $11) 32. Bd3 $2 (32. Qxc3 $11 {and White stays safe.} Rxb1+ 33. Rxb1 Rxb1+ 34. Kf2) 32... Ne2+ $2 (32... Rb1 $1 $19 33. Qxb1 (33. Bxb1 $2 Ne2+ 34. Kf1 Nxc1 $19) (33. Rxb1 $2 Rxb1 34. Qxb1 Nxb1 $19) 33... Nxb1 34. Bxb1 c4) 33. Bxe2 $11 Rxe2 34. Qxc5 (34. Rxa5 $2 Rbb2 (34... Rxe5 35. Rxc5 Rxc5 36. Qxc5 $14) 35. Qf1 Rec2 $19 (35... Rxe5 36. h4 $17)) 34... Bd5 35. Qxa5 h5 (35... h6 $11 36. Qa4 Rbb2) 36. Re1 (36. Qc7 $1 $14 Rbb2 37. Qd8+ Kh7 38. Qg5) 36... Ra2 37. Qc7 Rbb2 38. Qd8+ Kh7 (38... Kg7 $11 {remains equal.} 39. Qg5 Rxg2+ 40. Qxg2 Rxg2+ 41. Kxg2 f6) 39. Qg5 $16 Rc2 40. h4 Rab2 41. Rc1 Kg8 42. Rxc2 (42. Rd1 {is interesting.} Re2 43. Ra1 Ra2 44. Rf1) 42... Rxc2 43. Qf6 Rc3 44. Kf2 Rb3 45. Kg3 Rb4 46. Kf2 Rb3 47. Qe7 Rc3 48. Qg5 Rb3 49. Ke2 Ra3 50. Kd2 Rb3 51. Kc2 Ra3 $1 52. Kb2 Rb3+ 53. Kc1 Rc3+ 54. Kd2 Rb3 55. Kc2 Ra3 $1 56. Qd8+ Kg7 $1 57. Qf6+ Kg8 58. Qg5 Kg7 59. Kd2 Rb3 60. Ke2 Ra3 61. Kf2 Rb3 62. Qe7 Rc3 63. Kg3 Rc4 64. Qf6+ Kg8 65. Qd8+ Kg7 66. Qa5 Rd4 67. Qc3 Rc4 68. Qd2 Ra4 69. Kh3 Rc4 70. Qg5 Kg8 71. Qf6 Rc3 72. Qe7 Kg7 73. Kh2 Rc2 74. Qd8 Rc4 75. Kg3 Ra4 76. Kf2 Ra2+ 77. Kg3 Ra4 78. Qg5 Rc4 79. Kf2 Rc3 80. Ke2 Ra3 81. Kd2 Rb3 82. Kc2 Ra3 $1 83. Kd1 Rd3+ 84. Ke1 Ra3 85. Kf2 Rc3 86. Qe7 Rc4 87. Qf6+ Kg8 88. Ke3 Ra4 89. Qg5 Kg7 ({Better is} 89... Ra3+ $11 90. Kf4 Ra2 91. Qd8+ Kh7) 90. f4 $14 Re4+ 91. Kd3 Re1 {[%emt 0:01:41] [#]} (91... Kh8 $14) 92. g4 $1 $18 Bf3 (92... Rg1 $142) 93. f5 $18 Bxg4 {[%emt 0:02:02] [#]} 94. Qf6+ (94. f6+ $1 $18 {and the rest is easy.} Kh7 95. Qf4) 94... Kg8 $16 95. Qd8+ ({White should try} 95. fxg6 $16 Rd1+ 96. Kc4 fxg6 97. Qxg6+ Kf8 98. Qf6+ Kg8 99. Qg6+) 95... Kh7 $1 $11 96. Qf8 Bxf5+ ({Stronger than} 96... Rxe5 97. f6 (97. Qxf7+ Kh8 98. f6 Bf5+ 99. Kc3 Re3+ 100. Kd2 Rd3+ 101. Ke2 Rd7 102. Qe8+ Kh7 103. Qxd7+ Kh8 104. Qg7#) 97... Bf5+ 98. Kd2 Rd5+ 99. Kc3 (99. Kc1 Rc5+ 100. Qxc5 Kg8 101. Qc8+ Kh7 102. Qf8 Bh3 103. Qg7#)) 97. Kd2 Re4 98. Qxf7+ Kh8 99. Kc3 Rg4 100. Qf8+ 1/2-1/2

[Event "Prague Open 2025"]
[Site "Prague"]
[Date "2025.01.15"]
[Round "7.7"]
[White "Felix, Raphael"]
[Black "Marek, Matyas"]
[Result "0-1"]
[Annotator "TA"]
[ECO "B36"]
[WhiteElo "2127"]
[BlackElo "2314"]
[PlyCount "152"]
[EventDate "2025.01.07"]
[EventType "swiss"]
[EventCountry "CZE"]
[SourceTitle "playchess.com"]
[Source "ChessBase"]
[SourceQuality "1"]
[TimeControl "40/5400+30:1800+30"]

1. e4 c5 2. Nf3 Nc6 3. d4 cxd4 4. Nxd4 g6 5. c4 Nf6 6. Nc3 d6 7. Be2 Nxd4 8. Qxd4 Bg7 9. O-O O-O 10. Qd1 Bd7 11. Be3 Bc6 12. Qc2 a6 13. Rad1 Qa5 14. a3 b5 15. b4 Qc7 $1 (15... Qxa3 $2 16. Ra1 Qxb4 17. Rfb1 $18) 16. c5 dxc5 17. Bxc5 Qb7 18. Bf3 Rfd8 {[%emt 0:03:08] Dodges Nd5} 19. Nd5 Nxd5 (19... Bxd5 20. exd5 Nxd5 21. Bxe7 Qxe7 22. Bxd5 Rac8) 20. exd5 Bxd5 21. Rxd5 (21. Bxe7 {keeps more tension.} Rac8 22. Bxd5 Qxe7 23. Qb3) 21... Rxd5 22. Bxe7 Qxe7 23. Bxd5 Rd8 24. Bf3 Bd4 25. Qc6 {[%emt 0:03:45] White is weak on the dark squares} Rd6 26. Qc2 Qf6 27. Rd1 h5 28. Qe2 Kg7 (28... Re6 $15 29. Qd2 h4) 29. h3 (29. g3 $11) 29... Qf4 30. Qd2 Qh4 31. Qe2 Rf6 32. Rf1 Qf4 {[%emt 0:02:57] Black is more active.} 33. Qe4 Qd2 (33... Qxe4 34. Bxe4 h4 35. Bf3 Bb2) 34. Qd5 $2 {[%emt 0:01:49][%mdl 8192] [#]} (34. Qe2 $15 Qxe2 35. Bxe2) 34... Qc3 $2 (34... Re6 $1 $19 {[%cal Re6e5] and Black stays clearly on top. Threatens to win with ...Re5.} 35. Kh2 Qb2) 35. Rd1 $17 Bb6 36. Qd3 Qe5 37. Rc1 g5 (37... Qb2 {simplifies} 38. Qc2 Qxa3 39. Qc3 Qxc3 40. Rxc3 Rf4) 38. Qc3 {[%emt 0:01:44] [#]} (38. Rc2 $15) 38... Qf4 $1 $19 39. Bxh5 $2 (39. Rd1 $17) 39... Bd4 (39... Qxf2+ 40. Kh1 $17) (39... Bxf2+ $142 40. Kh1 Bd4) 40. Qc2 Bxf2+ (40... Qxf2+ 41. Qxf2 Rxf2 42. Rd1 Rd2+ 43. Kf1 Rxd1+ (43... Rf2+ 44. Ke1 $11) 44. Bxd1 $11) 41. Kh1 Bd4 42. Qd1 $2 (42. Rd1) 42... Be5 43. Qg1 {[%emt 0:00:00] Inhibits Qh2+.} Qg3 44. Be2 (44. Re1 $142 Bd4 45. Qxd4 Qxe1+ 46. Kh2) 44... Qxa3 (44... Rf2 $142 45. Bd3 Bd4) 45. Bf3 (45. Qe1 $142) 45... Qxb4 46. Re1 Bd4 47. Re4 Bxg1 48. Rxb4 {[%emt 0:00:00][%mdl 4096] Endgame KRB-KRB. Black is two pawns up.} Bc5 49. Rb1 Rb6 50. Bd1 f5 51. Rc1 Bd6 52. g4 fxg4 53. hxg4 Kf6 54. Bb3 (54. Ra1 $142) 54... Ke5 55. Kg2 Kd4 56. Kf3 a5 57. Rb1 Kc3 ({Less strong is} 57... a4 58. Bxa4 b4 59. Rd1+ Kc3 60. Ke4 $15) 58. Ke4 Bb4 (58... a4 59. Bxa4 bxa4 60. Rxb6 $11) 59. Kf5 a4 60. Bd1 (60. Bg8 $142 Bf8 61. Re1) 60... a3 61. Bb3 Be7 62. Ba2 Rf6+ 63. Ke5 b4 64. Rb3+ Kc2 65. Re3 Rf2 66. Kd4 Kb2 67. Bc4 Bf6+ 68. Kc5 Bc3 69. Kb5 a2 70. Bxa2 Kxa2 {[%emt 0:00:05] KRB-KR} 71. Ka4 {[%emt 0:00:05] [#]} b3 $1 72. Rxc3 Rf4+ 73. Ka5 b2 74. Rc2 Ka1 75. Rc3 b1=Q 76. Ra3+ Kb2 0-1

[Event "Prague Open 2025"]
[Site "Prague"]
[Date "2025.01.15"]
[Round "7.8"]
[White "Radzimski, Antoni"]
[Black "Shapovalovi, Vasiko"]
[Result "1/2-1/2"]
[Annotator "TA"]
[ECO "A41"]
[WhiteElo "2289"]
[BlackElo "2078"]
[PlyCount "139"]
[EventDate "2025.01.07"]
[EventType "swiss"]
[EventCountry "CZE"]
[SourceTitle "playchess.com"]
[Source "ChessBase"]
[SourceQuality "1"]
[TimeControl "40/5400+30:1800+30"]

1. d4 d6 2. e4 g6 3. c4 Bg7 4. Nc3 c6 5. Be2 a6 6. Nf3 Bg4 7. O-O Qc7 8. a4 a5 9. Be3 Na6 10. Qd2 e5 11. Rad1 Ne7 12. dxe5 dxe5 13. h3 Bxf3 14. Bxf3 b6 15. Qd6 Qxd6 16. Rxd6 Nc5 17. Bg4 O-O 18. Bd7 Nb7 19. Rd2 {[%emt 0:03:35] White has more active pieces.} (19. Bxc6 Nxd6 20. Bxa8 Rxa8 $19) 19... Nc5 20. Rfd1 $36 {[%emt 0:00:46][%mdl 2048] White has some pressure.} Rfb8 (20... Rfd8 $14) 21. Rd6 $1 $18 Nb7 22. Rxc6 $1 {[%emt 0:01:19] Black is weak on the light squares} Nxc6 23. Bxc6 Bf8 24. Rd7 Nc5 25. Bxc5 Bxc5 26. Bxa8 Rxa8 {[%emt 0:00:02][%mdl 4096] Endgame KRB-KRN. White is a pawn up.} 27. Nd5 Rb8 28. g3 h5 29. Kg2 Kf8 30. f4 h4 31. gxh4 (31. fxe5 $6 Re8 32. g4 (32. gxh4 Rxe5 33. Kf3 Rh5 $16) 32... Rxe5 $18) 31... exf4 32. Kf3 Kg7 33. Kxf4 Rh8 34. Kg4 Bf2 35. Kf3 Bd4 36. Kg3 $2 (36. h5 $1 $18 Bxb2 37. hxg6 (37. Nxb6 Rxh5 38. Kg4 Bf6 $11) 37... Kxg6 38. Kg4 (38. Nxb6 Rxh3+ 39. Kg4 Rb3 $16)) 36... Re8 (36... Be5+ $14 37. Kg4 Bxb2) 37. Kf3 (37. h5 $142 {Black must now prevent hxg6.} gxh5 38. Kf3 Bxb2 39. Rd6 (39. Nxb6 Re6 $16)) 37... Rh8 $1 {[%emt 0:00:24] [#]} 38. h5 $1 Bxb2 (38... gxh5 39. Ne3) 39. hxg6 (39. Nxb6 Rxh5 40. Kg4 Bf6 $11) 39... Kxg6 40. Rd6+ (40. Nxb6 f5 $11) (40. Kg4 $18) 40... Kg5 $14 41. Rxb6 (41. Nxb6 Rxh3+ 42. Kg2 Re3 $11) 41... Bd4 (41... Be5 $1 $14) 42. Rb5 $16 Rxh3+ 43. Ke2 f5 (43... Be5 $16) 44. c5 $1 $18 (44. Rxa5 fxe4 45. Ne3+ Kg6 $11) 44... fxe4 $2 (44... Rh4 {was called for.} 45. exf5 (45. Rxa5 Rxe4+ 46. Kf3 Bxc5 $16) 45... Kxf5) 45. c6 $1 (45. Rxa5 Rh6 $14) 45... Rh2+ 46. Kd1 Be5 {[%emt 0:00:00] Prevents c7} 47. c7 Bxc7 48. Nxc7+ {[%emt 0:00:00] KRN-KR} Kf4 49. Ne6+ (49. Rxa5 Ke3 50. Ra6 Rh5 $18) 49... Kf3 50. Ng5+ (50. Rxa5 e3 51. Nd4+ Ke4 $18) (50. Rf5+ $18 Ke3 51. Rxa5) 50... Ke3 $14 51. Rxa5 Ra2 {[%emt 0:02:23] [#]} ({Black should try} 51... Kd3 $14 52. Rd5+ Kc4) 52. Kc1 (52. Ne6 $1 $16) 52... Kd3 53. Kb1 Rg2 54. Ne6 {[%emt 0:00:42] Intending Nf4+ and mate.} Rg1+ $2 (54... Kc3 $14) 55. Kb2 $18 e3 {[%emt 0:00:07] [#]} 56. Re5 $2 ({White has to play} 56. Nf4+ $1 $18 Ke4 57. Nd5 (57. Ne2 Rg2 $11)) 56... Rf1 $14 57. Rd5+ ({Better is} 57. a5 $1 $14) 57... Ke4 $11 58. Rd8 e2 59. Nc5+ Kf5 $1 60. Nd3 Rd1 $1 {[%emt 0:00:56] aiming for ...Rd2+.} 61. Re8 Rxd3 62. Rxe2 {[%emt 0:00:04] KR-KR. White is a pawn up.} Kf6 $1 63. Re8 Rd6 64. Kb3 Re6 65. Rh8 Ke7 66. a5 Kd7 67. Kb4 Kc7 68. Kb5 Kb7 69. Rh7+ Ka8 70. Rh5 1/2-1/2

[Event "Prague Open 2025"]
[Site "Prague"]
[Date "2025.01.15"]
[Round "7.9"]
[White "Topencik, Bruno"]
[Black "Sokhor, Nazar"]
[Result "1/2-1/2"]
[Annotator "TA"]
[ECO "D10"]
[WhiteElo "1985"]
[BlackElo "2265"]
[PlyCount "92"]
[EventDate "2025.01.07"]
[EventType "swiss"]
[EventCountry "CZE"]
[SourceTitle "playchess.com"]
[Source "ChessBase"]
[SourceQuality "1"]
[TimeControl "40/5400+30:1800+30"]

1. d4 d5 2. c4 c6 3. Nc3 Nf6 4. e3 a6 5. Bd3 b5 6. b3 b4 (6... Nbd7 $14) 7. Na4 $16 Bg4 8. Ne2 e6 9. O-O Nbd7 10. f3 Bf5 11. Bxf5 exf5 12. Ng3 g6 13. Re1 {[%emt 0:00:49] Strongly threatening e4.} Bd6 14. Nf1 O-O 15. Bb2 Re8 16. Qd2 Bf8 17. Rac1 Qb8 18. Nc5 a5 19. Nd3 Qb7 20. Kf2 Bd6 21. Kg1 h5 22. Qf2 Rac8 23. Kh1 Nh7 24. Nd2 Nhf6 25. Qh4 Be7 {[%emt 0:02:50][%cal Of6e4] Hoping for ...Ne4!.} 26. Qh3 Bf8 27. Qh4 Bg7 28. Qg3 Qb8 29. Qf2 Bh6 30. a3 bxa3 31. Bxa3 Re6 32. g3 g5 (32... Rce8 $15 33. Nf4 Bxf4 34. gxf4 Qa8) 33. Bb2 (33. f4 g4 34. Ne5 Qb7 35. Kg1) 33... Rce8 34. Bc3 Qd8 (34... g4 $11) 35. Ra1 Qe7 36. Bxa5 (36. Ne5 $16) 36... Rxe3 $11 37. Ne5 f4 {[%emt 0:00:57] [#]} (37... Rxe1+ $11 38. Rxe1 Bg7) 38. Rxe3 (38. gxf4 $1 $16 gxf4 39. Rg1+ Kh7 40. Nxc6) 38... fxe3 39. Qxe3 Nxe5 (39... c5 {keeps more tension.} 40. f4 dxc4 41. Ndxc4 Nxe5 42. dxe5 Qb7+) 40. Qxe5 Qxe5 41. dxe5 Rxe5 42. Bc3 Re6 43. Bxf6 Rxf6 44. cxd5 cxd5 45. Kg2 Re6 46. Kf1 {[%emt 0:01:39] Repels Re2} Bf8 1/2-1/2

[Event "Prague Open 2025"]
[Site "Prague"]
[Date "2025.01.15"]
[Round "7.10"]
[White "Pourquet, Matthieu"]
[Black "Wilks, Simon"]
[Result "1-0"]
[Annotator "TA"]
[ECO "A13"]
[WhiteElo "2262"]
[BlackElo "2069"]
[PlyCount "81"]
[EventDate "2025.01.07"]
[EventType "swiss"]
[EventCountry "CZE"]
[SourceTitle "playchess.com"]
[Source "ChessBase"]
[SourceQuality "1"]
[TimeControl "40/5400+30:1800+30"]

1. c4 e6 2. g3 Nf6 3. Bg2 d5 4. Nf3 d4 5. O-O c5 6. e3 Nc6 7. d3 Bd6 8. exd4 cxd4 9. Bg5 h6 10. Bxf6 Qxf6 11. Nfd2 Qe7 12. Ne4 Bc7 13. Na3 O-O 14. Nb5 Bb6 15. Rc1 Bc5 16. Qh5 f5 17. Nxc5 Qxc5 18. Qe2 Nd8 ({Better is} 18... f4 $14) 19. b4 Qxb4 20. Nxd4 Bd7 21. Rfe1 Rc8 22. Rb1 Qc5 23. Qb2 f4 24. Re4 (24. Bxb7 $2 Nxb7 25. Nxe6 Bxe6 26. Rxe6 Nd8 $19) 24... fxg3 25. hxg3 Rf6 26. Rbe1 a6 27. Re5 Qd6 28. R5e3 {[%emt 0:01:38] White has more active pieces.} (28. Bxb7 $2 Nxb7 29. Nxe6 Bxe6 $19 (29... Rxe6 $2 30. Rxe6 Bxe6 31. Qxb7 $19)) 28... Rc5 29. Nb3 (29. Bxb7 $2 Nxb7 30. Nf3 Na5 $19) 29... Rh5 30. Nd2 Qf8 (30... Bc6 $142) 31. Ne4 $16 (31. Bxb7 Nxb7 32. Qxb7 Bc8 $17) 31... Rg6 32. d4 Bc6 33. Qe2 Ra5 (33... Rf5 34. Bf3 Ra5) 34. c5 (34. Nc5 Bxg2 35. Kxg2 Qe7) 34... Ra4 35. Qd2 Rg4 (35... e5 $142 36. dxe5 Ne6) 36. Bh3 Rg6 37. Nc3 Rc4 (37... Ra3 {is a better defense.} 38. Qb2 (38. Bxe6+ Rxe6 39. Rxe6 Nxe6 $16) 38... Rxc3) 38. d5 (38. Bxe6+ Nxe6 39. d5 (39. Rxe6 Qf3 $17) (39. Qd3 $2 Rxc3 40. Qxc3 Nf4 $19) 39... Ng5 (39... Nxc5 $2 {perishes.} 40. dxc6 Qd6 41. Qxd6 $18) (39... Rd4 40. Qc2 $16) 40. dxc6 bxc6 $11 (40... Nf3+ 41. Rxf3 Qxf3 42. Re3 $11)) (38. Qd3 $142 Rxc3 39. Qxg6 Rxe3 40. Rxe3) 38... exd5 $2 (38... Rxc3 39. Rxc3 (39. Qxc3 Bxd5 40. Bg2 Bxg2 $18) 39... Bxd5) 39. Nxd5 $18 {[%emt 0:00:06] Ne7+ would now be deadly.} Qxc5 40. Ne7+ Kh7 41. Qxd8 1-0

[Event "Prague Open 2025"]
[Site "Prague"]
[Date "2025.01.15"]
[Round "7.11"]
[White "Jaskolka, Tomasz"]
[Black "Karaivanova, Petya"]
[Result "1-0"]
[Annotator "TA"]
[ECO "A13"]
[WhiteElo "2210"]
[BlackElo "2035"]
[PlyCount "135"]
[EventDate "2025.01.07"]
[EventType "swiss"]
[EventCountry "CZE"]
[SourceTitle "playchess.com"]
[Source "ChessBase"]
[SourceQuality "1"]
[TimeControl "40/5400+30:1800+30"]

1. Nf3 Nf6 2. c4 e6 3. g3 d5 4. Bg2 dxc4 5. Qa4+ Nbd7 6. Qxc4 c5 7. O-O b6 8. b3 Bb7 9. Bb2 Be7 10. Qc2 O-O 11. Nc3 Rc8 12. Rac1 a6 13. Rfd1 Qc7 14. Qb1 Qb8 15. Qa1 Qa8 16. d3 Rfd8 17. h3 b5 18. a4 b4 19. Nb1 $1 a5 20. Nbd2 Nb6 21. Ne1 Bxg2 22. Nxg2 Ne8 23. Ne3 Bf6 24. Ndc4 Nxc4 25. Rxc4 Qa7 26. Rdc1 Rc7 27. Be5 Rcc8 {[%emt 0:04:21] Black is weak on the light squares} 28. Rg4 Kf8 29. Nc4 Bxe5 30. Qxe5 Rd5 31. Qb2 Nf6 32. Rf4 Rh5 $2 ({Better is} 32... Nd7 $14) 33. Rxf6 $1 $18 gxf6 34. Qxf6 Qb8 $2 {[%emt 0:04:42] [#]} (34... Qc7 35. g4 Rd5 36. Nxa5 Qe5 37. Qxe5 Rxe5) 35. Nb6 Qxb6 36. Qh8+ Ke7 37. Qxc8 {[%emt 0:00:04][%mdl 4096] Endgame KQR-KQR. White is a pawn up.} Qd6 38. Rc4 Qe5 (38... Rf5 $142 39. Qa8 Rd5 40. Qxa5 h6 41. Qa7+ Qd7 42. Qxd7+ Kxd7) 39. Qb7+ Kf8 40. Qa8+ Kg7 41. Rg4+ (41. Qxa5 Qd5 42. Rg4+ Kf8 $18) 41... Rg5 42. Qe4 $2 (42. Qxa5 Rxg4 43. hxg4 Qxe2 $16) (42. Re4 $1 $18 Qd5 43. Qe8 (43. Qxa5 Qxb3 44. Qd8 h6 $18)) 42... Qa1+ $16 43. Kg2 Rxg4 44. Qxg4+ {[%emt 0:00:08] KQ-KQ. White is a pawn up.} Kf8 45. Qc4 Qe5 46. e3 Qd5+ 47. Kf1 Qh5 48. Ke1 Qe5 49. h4 Kg8 50. Ke2 Qb2+ 51. Kf3 $1 Qf6+ 52. Kg2 Qe5 53. Kf1 (53. Qf4 $16 Qd5+ 54. Kg1) 53... Qh5 (53... Qa1+ $11 {keeps the balance.} 54. Kg2 Qe5 55. Qg4+ Kf8) 54. Ke1 Qe5 $1 55. d4 cxd4 56. Qxd4 Qf5 $2 (56... Qc7 $16 57. Qd1 h6) 57. Qd8+ $18 Kg7 58. Qg5+ Qxg5 59. hxg5 {[%emt 0:00:04] KP-KP. White is a pawn up.} Kg6 60. Ke2 {[%emt 0:04:44] and Kd3 should not be overlooked} e5 61. Kd3 Kf5 62. f4 Kg4 63. Ke4 (63. fxe5 $2 {too greedy.} Kxg3 64. Kc4 Kh4 $19) 63... Kxg3 64. Kxe5 Kf3 65. Kd4 $1 {[%emt 0:00:24] Threatening mate with f5.} Ke2 66. e4 Kf3 {[%emt 0:01:24] [#]} 67. f5 $1 Kf4 {[%emt 0:00:44] [#]} 68. g6 $1 1-0

[Event "Prague Open 2025"]
[Site "Prague"]
[Date "2025.01.15"]
[Round "7.12"]
[White "Mueer, Sebastian"]
[Black "Llopis de Aysa, Manuel"]
[Result "1-0"]
[Annotator "RC"]
[ECO "D35"]
[WhiteElo "2192"]
[BlackElo "2031"]
[PlyCount "157"]
[EventDate "2025.01.07"]
[EventType "swiss"]
[EventCountry "CZE"]
[SourceTitle "playchess.com"]
[Source "ChessBase"]
[SourceQuality "1"]
[TimeControl "40/5400+30:1800+30"]

1. d4 Nf6 2. c4 e6 3. Nc3 d5 4. cxd5 exd5 5. Bg5 Be7 6. e3 O-O 7. Bd3 h6 8. Bh4 Re8 9. Nge2 c6 10. Qc2 Nh5 11. Bxe7 Qxe7 12. O-O Nd7 13. Rae1 Nf8 14. Nc1 Nf6 15. f3 c5 16. dxc5 Qxc5 17. Nb3 Qb6 18. Qd2 Ne6 19. Ne2 Bd7 20. Nbd4 Nxd4 21. Nxd4 Nh7 22. Bxh7+ Kxh7 23. Rc1 Rac8 24. Rxc8 Rxc8 25. Rc1 Rxc1+ 26. Qxc1 Qd6 27. Qc2+ g6 28. Qc3 Bc6 29. Ne2 a6 30. Nf4 Kg8 31. Qd4 h5 32. g3 Qe7 33. Kf2 Qg5 34. h4 Qf5 35. Qd3 Qe5 36. Qd2 Kf8 37. a3 Ke8 38. Ke2 Ke7 39. Qb4+ Ke8 40. Kd2 Kd7 41. Qc3 Qxc3+ 42. Kxc3 d4+ 43. Kxd4 Bxf3 44. e4 Kd6 45. b4 Bg4 46. Nd3 Bc8 47. Ne5 Be6 48. Nd3 Bc8 49. a4 b6 50. e5+ Kc6 51. Nf4 Bg4 52. Kc4 b5+ 53. axb5+ axb5+ 54. Kd4 Bf5 55. Nd5 Be6 56. Nc3 Bc4 57. Nd1 Bd5 58. Ke3 Kd7 59. Kd4 Kc6 60. Nf2 Bb3 61. g4 hxg4 62. Nxg4 Be6 63. Nf2 Bf5 64. Nd1 Be6 65. Nc3 Bc4 66. Ne4 Bd5 67. Nf2 Be6 68. Nd3 Bf5 69. Nf4 Bd7 70. e6 Bxe6 71. Nxe6 fxe6 72. Ke5 Kd7 73. Kf6 Kd6 74. Kxg6 e5 75. Kf5 Kd5 76. h5 e4 77. Kf4 Kd4 78. h6 e3 79. h7 1-0

[Event "Prague Open 2025"]
[Site "Prague"]
[Date "2025.01.15"]
[Round "7.13"]
[White "Zhukovskyi, Oleksandr"]
[Black "Rindhiya V"]
[Result "1/2-1/2"]
[Annotator "TA"]
[ECO "C55"]
[WhiteElo "2162"]
[BlackElo "1999"]
[PlyCount "39"]
[EventDate "2025.01.07"]
[EventType "swiss"]
[EventCountry "CZE"]
[SourceTitle "playchess.com"]
[Source "ChessBase"]
[SourceQuality "1"]
[TimeControl "40/5400+30:1800+30"]

1. e4 e5 2. Nf3 Nc6 3. d4 exd4 4. Bc4 Nf6 5. e5 d5 6. Bb5 Ne4 7. Nxd4 Bd7 8. Bxc6 bxc6 9. O-O Bc5 10. f3 Ng5 11. f4 Ne4 12. Be3 Bb6 13. Nd2 Nxd2 14. Qxd2 c5 15. Nf3 Bf5 16. b3 h6 17. a4 {[%emt 0:29:20] a5 would now be deadly.} a5 18. c3 O-O 19. Qf2 Qe7 20. h3 1/2-1/2

[Event "Prague Open 2025"]
[Site "Prague"]
[Date "2025.01.15"]
[Round "7.14"]
[White "Skodras, Marios Konstantinos"]
[Black "Moser, Axel"]
[Result "1/2-1/2"]
[Annotator "RC"]
[ECO "A04"]
[WhiteElo "2013"]
[BlackElo "2160"]
[PlyCount "81"]
[EventDate "2025.01.07"]
[EventType "swiss"]
[EventCountry "CZE"]
[SourceTitle "playchess.com"]
[Source "ChessBase"]
[SourceQuality "1"]
[TimeControl "40/5400+30:1800+30"]

1. Nf3 c5 2. b3 Nf6 3. Bb2 e6 4. g3 b6 5. Bg2 Bb7 6. d3 g6 7. O-O Bg7 8. e4 d6 9. Nbd2 O-O 10. a4 e5 11. Nc4 Nc6 12. Ne3 Nd4 13. Nxd4 cxd4 14. Nc4 Qc7 15. f4 exf4 16. gxf4 d5 17. e5 dxc4 18. exf6 Bxf6 19. bxc4 Bxg2 20. Kxg2 Rfe8 21. Qf3 Rad8 22. Bc1 Qe7 23. Bd2 Bh4 24. Rad1 Qd7 25. a5 Qf5 26. axb6 axb6 27. Rb1 Re6 28. Rb5 Qf6 29. f5 Rc6 30. Kh3 g5 31. Qe2 Rc5 32. Rxc5 bxc5 33. Ba5 Rc8 34. Qe4 Kf8 35. Qd5 h5 36. Be1 g4+ 37. Kg2 Kg8 38. Bxh4 Qxh4 39. Qe5 Qh3+ 40. Kf2 Qf3+ 41. Ke1 1/2-1/2

[Event "Prague Open 2025"]
[Site "Prague"]
[Date "2025.01.15"]
[Round "7.15"]
[White "Verner, Matej"]
[Black "Mannion, Stephen R"]
[Result "0-1"]
[Annotator "TA"]
[ECO "C34"]
[WhiteElo "1948"]
[BlackElo "2159"]
[PlyCount "98"]
[EventDate "2025.01.07"]
[EventType "swiss"]
[EventCountry "CZE"]
[SourceTitle "playchess.com"]
[Source "ChessBase"]
[SourceQuality "1"]
[TimeControl "40/5400+30:1800+30"]

1. e4 e5 2. f4 exf4 3. Nf3 d6 4. d4 g5 5. Nc3 Bg7 (5... g4 $5) 6. g3 Nc6 7. d5 (7. gxf4 g4 8. Rg1 gxf3 $17) 7... Ne5 8. gxf4 gxf4 9. Bxf4 Bg4 $1 10. Bb5+ Kf8 11. Be2 Nxf3+ 12. Bxf3 Bxc3+ 13. bxc3 Qf6 $1 14. Bxg4 Qxf4 15. Qe2 ({White should play} 15. Qf3 $1 $15 Qxf3 16. Bxf3) 15... Re8 16. Bf5 Nh6 {[%emt 0:02:35] Black is more active.} 17. Rf1 Qh4+ 18. Kd2 Nxf5 (18... Rg8 $1 $17 {[%cal Rg8g5] and ...Rg5 should not be overlooked} 19. Rae1 Qg5+ 20. Qe3 Qxe3+ 21. Kxe3 Rg2) 19. Rxf5 $15 Rxe4 20. Qf3 $1 Qh6+ (20... Qxh2+ 21. Kd3 Re5 (21... Re7 $2 22. Rh5 $18) 22. Rxf7+ Ke8 23. Rxc7 $18 (23. Rh1 Qxh1 24. Qxh1 Kxf7 $17)) 21. Kd3 $1 Re7 22. Rb1 b6 23. Rf1 {[%emt 0:00:05] Hoping for Rf6.} Qg6 24. Kc4 Rg8 25. Rf6 (25. Qd3 $15 {might be stronger.}) 25... Qg4+ $17 (25... Qxc2 $2 26. Rxf7+ Ke8 27. Rxe7+ Kd8 28. Kb5 $18) 26. Qxg4 Rxg4+ {[%emt 0:00:02][%mdl 4096] Endgame KRR-KRR. Black is a pawn up.} 27. Kb5 a5 (27... Rg2 $17 28. R6f2 Rxf2 29. Rxf2 Re3) 28. c4 Rg2 29. R1f2 Rxf2 30. Rxf2 {[%emt 0:00:01][%cal Oc4c5] KR-KR. Black is a pawn up.} Re4 (30... Kg7 $17) 31. c5 $11 dxc5 32. Kc6 Re7 33. d6 (33. a3 $11 {remains equal.}) 33... cxd6 $17 34. Kxb6 Re4 35. Kxa5 {[%emt 0:00:33] [#]} Rb4 $1 36. a3 {[%emt 0:01:01] [#]} (36. Re2 $142) 36... Rb2 $1 37. a4 Ke7 38. Ka6 $2 (38. Re2+ Kf6 39. Rf2+ Ke7 40. Re2+) 38... d5 $19 39. a5 d4 40. Rd2 Kd6 41. Ka7 f5 42. a6 f4 43. Ka8 Ke5 44. a7 f3 45. h4 Kf4 46. h5 Ke3 47. Rd3+ Ke2 48. h6 f2 49. c4 Ra2 ({Weaker is} 49... f1=R 50. Re3+ Kd2 51. Rd3+ Ke2 52. Re3+ Kd2 53. Rd3+ Ke1 54. Rd1+ Kf2 55. Rxf1+ Kxf1 $11) 0-1

[Event "Prague Open 2025"]
[Site "Prague"]
[Date "2025.01.15"]
[Round "7.16"]
[White "Mrazek, Adam"]
[Black "Fizer, Marek"]
[Result "*"]
[Annotator "RC"]
[WhiteElo "1919"]
[BlackElo "2155"]
[PlyCount "24"]
[EventDate "2025.01.07"]
[EventType "swiss"]
[EventCountry "CZE"]
[SourceTitle "playchess.com"]
[Source "ChessBase"]
[SourceQuality "1"]
[TimeControl "40/5400+30:1800+30"]

1. c4 c5 2. g3 g6 3. Bg2 Bg7 4. Nc3 Nc6 5. a3 d6 6. Nf3 Bf5 7. O-O Qc8 8. Re1 Bh3 9. Bh1 h5 10. Rb1 h4 11. b4 hxg3 12. hxg3 Qf5 *